| TOP OF THE 1ST |
|
Princeton Rays batting - Pitching for Greeneville Astros : LHP Helge Tzayukov
|
|
Pitching: LHP Helge Tzayukov
|
|
|
Batting: RHB Hugo Bautista
|
0-0: Called Strike 0-1: Swinging Strike 0-2: Ball 1-2: Foul Ball, location: 2F 1-2: Ball 2-2: Ball 3-2: Strikes out looking
|
|
Batting: RHB Eric Bushey
|
0-0: Ball 1-0: Ball 2-0: Called Strike 2-1: Called Strike 2-2: Strikes out swinging
|
|
Batting: LHB Yasahiko Teshima
|
0-0: Swinging Strike 0-1: Ball 1-1: SINGLE (Line Drive, 34, EV 98.1 MPH)
|
|
Batting: RHB Will Timmer
|
0-0: Ball 1-0: Ball 2-0: Called Strike 2-1: Ball 3-1: Called Strike 3-2: Ground out U3 (Groundball, 3L, EV 106.3 MPH)
|
| Top of the 1st over - 0 runs, 1 hit, 0 errors, 1 left on base; Princeton 0 - Greeneville 0 |
| BOTTOM OF THE 1ST |
|
Greeneville Astros batting - Pitching for Princeton Rays : RHP Jonah Syndergaard
|
|
Pitching: RHP Jonah Syndergaard
|
|
|
Batting: RHB Barry Brents
|
0-0: Ball 1-0: Called Strike 1-1: Called Strike 1-2: Ball 2-2: Ball 3-2: SINGLE (Line Drive, 78S, EV 86.3 MPH)
|
|
Batting: SHB Yoo-chul Jung
|
0-0: Ball 1-0: Called Strike 1-1: Ball 2-1: Ball Barry Brents steals 2nd base (no throw) 3-1: Foul Ball, location: 2F 3-2: DOUBLE (Line Drive, 78XD, EV 106.3 MPH) Barry Brents scores
|
|
Batting: LHB Rich Gomez
|
0-0: Ball 1-0: DOUBLE (Line Drive, 7LD, EV 107.5 MPH) Yoo-chul Jung scores
|
|
Batting: RHB Garrett Pálsson
|
0-0: Fly out, F8 (Flyball, 8RXD, EV 100.0 MPH) Runner from 2nd tags up, SAFE at 3rd, no throw by CF
|
|
Batting: RHB Matt Lancto
|
0-0: Swinging Strike 0-1: Ball 1-1: Ball Wild Pitch! Rich Gomez scores 2-1: Ball 3-1: Foul Ball, location: 2F 3-2: Base on Balls
|
|
Batting: SHB Dong Ming
|
0-0: Called Strike 0-1: Swinging Strike 0-2: Ball 1-2: Foul Ball, location: 2F 1-2: Strikes out swinging
|
|
Batting: RHB Bobby Pedraza
|
0-0: Swinging Strike 0-1: Foul Ball, location: 2F 0-2: Ball 1-2: Strikes out swinging
|
| Bottom of the 1st over - 3 runs, 3 hits, 0 errors, 1 left on base; Princeton 0 - Greeneville 3 |
| TOP OF THE 2ND |
|
Princeton Rays batting - Pitching for Greeneville Astros : LHP Helge Tzayukov
|
|
Batting: RHB Lucas Burhil
|
0-0: Ball 1-0: Ball 2-0: Ground out 4-3 (Groundball, 4, EV 88.1 MPH)
|
|
Batting: RHB Jorge Molina
|
0-0: Called Strike 0-1: Ball 1-1: Called Strike 1-2: Strikes out swinging
|
|
Batting: RHB Brian Oliver
|
0-0: Ball 1-0: Called Strike 1-1: Foul Ball, location: 2F 1-2: Ball 2-2: Strikes out swinging
|
| Top of the 2nd over - 0 runs, 0 hits, 0 errors, 0 left on base; Princeton 0 - Greeneville 3 |
| BOTTOM OF THE 2ND |
|
Greeneville Astros batting - Pitching for Princeton Rays : RHP Jonah Syndergaard
|
|
Batting: RHB Tony Almonte
|
0-0: Called Strike 0-1: Foul Ball, location: 2F 0-2: Ball 1-2: Strikes out swinging
|
|
Batting: RHB Alberto Villeda
|
0-0: SOLO HOME RUN (Flyball, 78XD, EV 97.5 MPH), Distance : 409 ft
|
|
Batting: RHB Barry Brents
|
0-0: Called Strike 0-1: Ball 1-1: Ball 2-1: SINGLE (Groundball, 34D, EV 98.8 MPH)
|
|
Batting: SHB Yoo-chul Jung
|
0-0: Called Strike 0-1: Fly out, F9 (Flyball, 89D, EV 96.3 MPH)
|
|
Batting: LHB Rich Gomez
|
0-0: Ball Barry Brents steals 2nd base 1-0: Swinging Strike 1-1: Foul Ball, location: 2F 1-2: DOUBLE (Line Drive, 89D, EV 105.0 MPH) Barry Brents scores
|
|
Batting: RHB Garrett Pálsson
|
0-0: Ball 1-0: Ball 2-0: Ball 3-0: Called Strike 3-1: Foul Ball, location: 2F 3-2: Foul Ball, location: 2F 3-2: Base on Balls
|
|
Pitching: RHP Mike Pope
|
|
|
Batting: RHB Matt Lancto
|
0-0: Called Strike 0-1: Ball 1-1: Fly out, F7 (Line Drive, 7, EV 87.5 MPH)
|
| Bottom of the 2nd over - 2 runs, 3 hits, 0 errors, 2 left on base; Princeton 0 - Greeneville 5 |
| TOP OF THE 3RD |
|
Princeton Rays batting - Pitching for Greeneville Astros : LHP Helge Tzayukov
|
|
Batting: RHB Jimmy Hammertime
|
0-0: Called Strike 0-1: Foul Ball, location: 2F 0-2: Foul Ball, location: 2F 0-2: DOUBLE (Line Drive, 89D, EV 105.0 MPH)
|
|
Batting: LHB Jason McCamey
|
0-0: Called Strike 0-1: Fly out, F7 (Flyball, 7D, EV 95.6 MPH)
|
|
Batting: RHB Hugo Bautista
|
0-0: Called Strike 0-1: Called Strike 0-2: Ball 1-2: Fly out, F8 (Flyball, 89D, EV 81.9 MPH) Runner from 2nd tags up, SAFE at 3rd, no throw by CF
|
|
Batting: RHB Eric Bushey
|
0-0: SINGLE (Line Drive, 4D, EV 107.5 MPH) Jimmy Hammertime scores
|
|
Batting: LHB Yasahiko Teshima
|
0-0: SINGLE (Groundball, 4MD, EV 93.8 MPH) Eric Bushey to second Runner from 2nd tries for 3rd, SAFE, throw by CF made to third
|
|
Batting: RHB Will Timmer
|
0-0: Ground out 5-3 (Groundball, 56S, EV 78.1 MPH)
|
| Top of the 3rd over - 1 run, 3 hits, 0 errors, 2 left on base; Princeton 1 - Greeneville 5 |
| BOTTOM OF THE 3RD |
|
Greeneville Astros batting - Pitching for Princeton Rays : RHP Mike Pope
|
|
Batting: SHB Dong Ming
|
0-0: Called Strike 0-1: Ball 1-1: Ground out 4-3 (Groundball, 4, EV 81.3 MPH)
|
|
Batting: RHB Bobby Pedraza
|
0-0: Swinging Strike 0-1: Ground out U3 (Groundball, 3, EV 102.5 MPH)
|
|
Batting: RHB Tony Almonte
|
0-0: Ball 1-0: Foul Ball, location: 2F 1-1: Swinging Strike 1-2: Ball 2-2: Strikes out looking
|
| Bottom of the 3rd over - 0 runs, 0 hits, 0 errors, 0 left on base; Princeton 1 - Greeneville 5 |
| TOP OF THE 4TH |
|
Princeton Rays batting - Pitching for Greeneville Astros : LHP Helge Tzayukov
|
|
Batting: RHB Lucas Burhil
|
0-0: Ball 1-0: Ball 2-0: Foul Ball, location: 2F 2-1: Foul Ball, location: 2F 2-2: Strikes out swinging
|
|
Batting: RHB Jorge Molina
|
0-0: Fly out, F5 (Popup, 5SF, EV 73.8 MPH)
|
|
Batting: RHB Brian Oliver
|
0-0: Ball 1-0: Called Strike 1-1: TRIPLE (Line Drive, 78XD, EV 104.4 MPH)
|
|
Batting: RHB Jimmy Hammertime
|
0-0: Ball 1-0: Called Strike 1-1: Swinging Strike 1-2: Strikes out swinging
|
| Top of the 4th over - 0 runs, 1 hit, 0 errors, 1 left on base; Princeton 1 - Greeneville 5 |
| BOTTOM OF THE 4TH |
|
Greeneville Astros batting - Pitching for Princeton Rays : RHP Mike Pope
|
|
Batting: RHB Alberto Villeda
|
0-0: Ball 1-0: Swinging Strike 1-1: Ball 2-1: Called Strike 2-2: Ground out 5-3 (Groundball, 56S, EV 88.8 MPH)
|
|
Batting: RHB Barry Brents
|
0-0: Foul Ball, location: 2F 0-1: Foul Ball, location: 2F 0-2: Ball 1-2: Ball 2-2: Ground out 5-3 (Groundball, 56, EV 83.8 MPH)
|
|
Batting: SHB Yoo-chul Jung
|
0-0: Called Strike 0-1: Ground out U3 (Groundball, 3, EV 82.5 MPH)
|
| Bottom of the 4th over - 0 runs, 0 hits, 0 errors, 0 left on base; Princeton 1 - Greeneville 5 |
| TOP OF THE 5TH |
|
Princeton Rays batting - Pitching for Greeneville Astros : LHP Helge Tzayukov
|
|
Batting: LHB Jason McCamey
|
0-0: SINGLE (Groundball, 4, EV 95.6 MPH) (infield hit)
|
|
Batting: RHB Hugo Bautista
|
0-0: Swinging Strike 0-1: Swinging Strike 0-2: Ball 1-2: Strikes out swinging
|
|
Batting: RHB Eric Bushey
|
0-0: Called Strike Jason McCamey steals 2nd base 0-1: Ball 1-1: Ball 2-1: Fly out, F7 (Flyball, 7LM, EV 81.3 MPH)
|
|
Batting: LHB Yasahiko Teshima
|
0-0: Ball Wild Pitch! Jason McCamey to third 1-0: Ball 2-0: Ball 3-0: Base on Balls
|
|
Batting: RHB Will Timmer
|
0-0: Called Strike 0-1: Ball 1-1: Ball 2-1: Foul Ball, location: 2F 2-2: Foul Ball, location: 2F 2-2: Fly out, F9 (Flyball, 89D, EV 95.0 MPH)
|
| Top of the 5th over - 0 runs, 1 hit, 0 errors, 2 left on base; Princeton 1 - Greeneville 5 |
| BOTTOM OF THE 5TH |
|
Greeneville Astros batting - Pitching for Princeton Rays : RHP Mike Pope
|
|
Batting: LHB Rich Gomez
|
0-0: Ball 1-0: Called Strike 1-1: Ball 2-1: Foul Ball, location: 2F 2-2: Strikes out swinging
|
|
Batting: RHB Garrett Pálsson
|
0-0: Foul Ball, location: 2F 0-1: Called Strike 0-2: Ball 1-2: Foul Ball, location: 2F 1-2: Foul Ball, location: 2F 1-2: Ball 2-2: Ball 3-2: Foul Ball, location: 2F 3-2: Base on Balls
|
|
Batting: RHB Matt Lancto
|
0-0: Foul Ball, location: 2F 0-1: Swinging Strike 0-2: SINGLE (Line Drive, 6M, EV 104.4 MPH) Garrett Pálsson to second
|
|
Batting: SHB Dong Ming
|
0-0: Called Strike Garrett Pálsson steals 3rd base 0-1: Ball 1-1: Swinging Strike 1-2: 3-RUN HOME RUN (Flyball, 89XD, EV 93.1 MPH), Distance : 422 ft
|
|
Batting: RHB Bobby Pedraza
|
0-0: Ball 1-0: Foul Ball, location: 2F 1-1: Foul Ball, location: 2F 1-2: Fly out, F8 (Flyball, 8RM, EV 84.4 MPH)
|
|
Batting: RHB Tony Almonte
|
0-0: Ground out 1-3 (Groundball, 13S, EV 70.0 MPH)
|
| Bottom of the 5th over - 3 runs, 2 hits, 0 errors, 0 left on base; Princeton 1 - Greeneville 8 |
| TOP OF THE 6TH |
|
Princeton Rays batting - Pitching for Greeneville Astros : LHP Helge Tzayukov
|
|
Pitching: LHP Ian Miller
|
|
|
Batting: RHB Lucas Burhil
|
0-0: Called Strike 0-1: Ball 1-1: Ground out 5-3 (Groundball, 5S, EV 68.8 MPH)
|
|
Batting: RHB Jorge Molina
|
0-0: Ball 1-0: Ground out 4-3 (Groundball, 4, EV 98.8 MPH)
|
|
Batting: RHB Brian Oliver
|
0-0: Called Strike 0-1: Ball 1-1: Ground out 5-3 (Groundball, 5, EV 89.4 MPH)
|
| Top of the 6th over - 0 runs, 0 hits, 0 errors, 0 left on base; Princeton 1 - Greeneville 8 |
| BOTTOM OF THE 6TH |
|
Greeneville Astros batting - Pitching for Princeton Rays : RHP Mike Pope
|
|
Pitching: LHP Rick Sarratt
|
|
|
Batting: RHB Alberto Villeda
|
0-0: Ball 1-0: Ball 2-0: Ball 3-0: Called Strike 3-1: Foul Ball, location: 2F 3-2: Foul Ball, location: 2F 3-2: Foul Ball, location: 2F 3-2: Base on Balls
|
|
Batting: RHB Barry Brents
|
0-0: Swinging Strike 0-1: DOUBLE (Groundball, 5L, EV 110.0 MPH) Alberto Villeda to third
|
|
Batting: SHB Yoo-chul Jung
|
0-0: Ball 1-0: Ball 2-0: Ball 3-0: Called Strike 3-1: Called Strike 3-2: Fly out, F8 (Line Drive, 8LM, EV 91.9 MPH) Runner from 3rd tags up, SCORES, throw by CF
|
|
Batting: LHB Rich Gomez
|
0-0: Ball 1-0: Ball 2-0: Foul Ball, location: 2F 2-1: Ground out 3-1 (Groundball, 34, EV 91.9 MPH) Barry Brents to third
|
|
Batting: RHB Garrett Pálsson
|
0-0: Called Strike 0-1: Ball 1-1: Ground out 4-3 (Groundball, 4, EV 86.9 MPH)
|
| Bottom of the 6th over - 1 run, 1 hit, 0 errors, 1 left on base; Princeton 1 - Greeneville 9 |
| TOP OF THE 7TH |
|
Princeton Rays batting - Pitching for Greeneville Astros : LHP Ian Miller
|
|
Batting: RHB Jimmy Hammertime
|
0-0: Ball 1-0: Ground out 5-3 (Groundball, 5, EV 85.0 MPH)
|
|
Batting: LHB Jason McCamey
|
0-0: Ball 1-0: SINGLE (Groundball, 4D, EV 100.0 MPH)
|
|
Batting: RHB Hugo Bautista
|
0-0: Called Strike 0-1: Fly out, F4 (Popup, 3D, EV 53.8 MPH)
|
|
Batting: RHB Eric Bushey
|
0-0: Ball Jason McCamey steals 2nd base 1-0: Foul Ball, location: 2F 1-1: Called Strike 1-2: Ball 2-2: Foul Ball, location: 2F 2-2: Foul Ball, location: 2F 2-2: Fly out, F8 (Line Drive, 8RD, EV 86.3 MPH)
|
| Top of the 7th over - 0 runs, 1 hit, 0 errors, 1 left on base; Princeton 1 - Greeneville 9 |
| BOTTOM OF THE 7TH |
|
Greeneville Astros batting - Pitching for Princeton Rays : LHP Rick Sarratt
|
|
Batting: RHB Matt Lancto
|
0-0: Ball 1-0: Ball 2-0: Ball 3-0: Called Strike 3-1: Base on Balls
|
|
Batting: SHB Dong Ming
|
0-0: Ball 1-0: Foul Ball, location: 2F 1-1: Fielders Choice at 2nd, 4-6 (Groundball, 4S, EV 85.6 MPH)
|
|
Pinch Hitting: SHB Isaiah Bird
|
0-0: Ball 1-0: Called Strike 1-1: Ball 2-1: Foul Ball, location: 2F 2-2: Fly out, F8 (Line Drive, 8RD, EV 91.3 MPH)
|
|
Batting: RHB Tony Almonte
|
0-0: Ball 1-0: Fielders Choice at 2nd, U4 (Groundball, 4M, EV 88.8 MPH)
|
| Bottom of the 7th over - 0 runs, 0 hits, 0 errors, 1 left on base; Princeton 1 - Greeneville 9 |
| TOP OF THE 8TH |
|
Princeton Rays batting - Pitching for Greeneville Astros : LHP Ian Miller
|
|
Now in RF: Isaiah Bird
|
|
|
Pinch Hitting: RHB Ryan Knisley
|
0-0: Foul Ball, location: 2F 0-1: Ground out U3 (Groundball, 34S, EV 80.6 MPH)
|
|
Pinch Hitting: RHB Guido Regalado
|
0-0: Called Strike 0-1: Ground out 4-3 (Groundball, 4M, EV 103.8 MPH)
|
|
Batting: RHB Lucas Burhil
|
0-0: Called Strike 0-1: Ground out U3 (Groundball, 3, EV 104.4 MPH)
|
| Top of the 8th over - 0 runs, 0 hits, 0 errors, 0 left on base; Princeton 1 - Greeneville 9 |
| BOTTOM OF THE 8TH |
|
Greeneville Astros batting - Pitching for Princeton Rays : LHP Rick Sarratt
|
|
Now at 2B: Ryan Knisley
|
|
|
Now in LF: Guido Regalado
|
|
|
Batting: RHB Alberto Villeda
|
0-0: Ball 1-0: Foul Ball, location: 2F 1-1: Foul Ball, location: 2F 1-2: Ground out 5-3 (Groundball, 56, EV 104.4 MPH)
|
|
Pinch Hitting: SHB Gustavo Robles
|
0-0: Ball 1-0: Called Strike 1-1: SINGLE (Groundball, 56D, EV 103.1 MPH)
|
|
Batting: SHB Yoo-chul Jung
|
0-0: Called Strike 0-1: Ball 1-1: Foul Ball, location: 2F 1-2: Foul Ball, location: 2F 1-2: SINGLE (Popup, 4D, EV 72.5 MPH) Gustavo Robles to second
|
|
Pitching: RHP Korey Warner
|
|
|
Batting: LHB Rich Gomez
|
0-0: Called Strike 0-1: Swinging Strike 0-2: Ball 1-2: Strikes out swinging
|
|
Batting: RHB Garrett Pálsson
|
0-0: Called Strike 0-1: Ball 1-1: Ball 2-1: Called Strike 2-2: Foul Ball, location: 2F 2-2: Foul Ball, location: 2F 2-2: Strikes out swinging
|
| Bottom of the 8th over - 0 runs, 2 hits, 0 errors, 2 left on base; Princeton 1 - Greeneville 9 |
| TOP OF THE 9TH |
|
Princeton Rays batting - Pitching for Greeneville Astros : LHP Ian Miller
|
|
Now in LF: Antonio Saldana
|
|
|
Batting: RHB Jorge Molina
|
0-0: Ball 1-0: Ball 2-0: Called Strike 2-1: Ball 3-1: Base on Balls
|
|
Batting: RHB Brian Oliver
|
0-0: Called Strike 0-1: Fielders Choice at 2nd, 6-4 (Groundball, 56, EV 104.4 MPH)
|
|
Batting: RHB Jimmy Hammertime
|
0-0: Fielders Choice at 2nd, 6-4 (Groundball, 6, EV 88.1 MPH)
|
|
Batting: LHB Jason McCamey
|
0-0: Foul Ball, location: 2F 0-1: Swinging Strike 0-2: Ball 1-2: Strikes out swinging
|
| Top of the 9th over - 0 runs, 0 hits, 0 errors, 1 left on base; Princeton 1 - Greeneville 9 |
|